 Dungeon Sprint DCSS version 0.21-a0-417-g0adc95b (webtiles) character file.

395 Kidiri the Insei (level 6, -3/58 HPs)
             Began as a Draconian Transmuter on Nov 3, 2017.
             Was an Initiate of Wu Jian.
             Slain by Sonja
             ... wielding a +2 short sword of distortion
              (23 damage)
             ... in the Dungeon (Sprint I: "Red Sonja").
             The game lasted 00:02:36 (713 turns).

Kidiri the Insei (Draconian Transmuter)              Turns: 713, Time: 00:02:37

Health: -3/58      AC:  2    Str: 12    XL:     6   Next: 52%
Magic:  10/12      EV: 23    Int: 14    God:    Wu Jian [......]
Gold:   109        SH:  0    Dex: 18    Spells: 4/14 levels left

rFire    . . .     SeeInvis .     - Unarmed
rCold    . . .     Gourm    .   (shield currently unavailable)
rNeg     . . .     Faith    .   (armour unavailable)
rPois    x         Spirit   .   (helmet currently unavailable)
rElec    .         Reflect  .   (cloak currently unavailable)
rCorr    .         Harm     .   (gloves currently unavailable)
MR       .....     NoTele   +   (boots currently unavailable)
Stlth    +++.......             (no amulet)
HPRegen  0.19/turn              (no ring)
MPRegen  0.13/turn              (no ring)

@: spider-form
A: unfitting armour, AC +6
a: End Transformation, Renounce Religion


You were in the Dungeon.
You worshipped Wu Jian.
Wu Jian was noncommittal.
You were not hungry.
You were a venomous arachnid creature.
You visited 1 branch You collected 306 gold pieces.
You spent 197 gold pieces at shops.

Inventory:

Hand Weapons
 h - a +2 scythe of venom
 j - a +3 dagger
Missiles
 a - 9 arrows
Armour
 k - a +1 ring mail of positive energy
 l - a +0 robe
Scrolls
 i - 2 scrolls of blinking
 m - a scroll of recharging {unknown}
 q - a scroll of amnesia
Potions
 d - a potion of curing
 f - a potion of haste
 g - 2 potions of magic
 n - a potion of cancellation
 p - a potion of berserk rage
Books
 b - a book of Changes

   Spells                             Type                      Level
   a - Beastly Appendage              Transmutation                1
   b - Sticks to Snakes               Transmutation                2
   c - Spider Form                    Transmutation/Poison         3
   d - Ice Form                       Ice/Transmutation            4
   e - Blade Hands                    Transmutation                5
Comestibles
 c - a bread ration
 o - 6 chunks of flesh


   Skills:
 * Level 6.9 Fighting
 + Level 4.5 Dodging
 + Level 4.2 Stealth
 * Level 7.0 Unarmed Combat
 + Level 4.5 Spellcasting
 * Level 6.6 Transmutations
 + Level 1.8 Ice Magic
 + Level 3.1 Poison Magic


You had 4 spell levels left.
You knew the following spells:

 Your Spells              Type           Power        Failure   Level  Hunger
a - Beastly Appendage     Tmut           ###...       6%          1    None
b - Sticks to Snakes      Tmut           ###.....     8%          2    ##.....
c - Spider Form           Tmut/Pois      ###.......   21%         3    ###....
d - Ice Form              Ice/Tmut       ##......     54%         4    ####...


Dungeon Overview and Level Annotations

Branches:
Dungeon (1/1)

Altars:
Cheibriados
Dithmenos
Elyvilon
Fedhas
Gozag
Hepliaklqana
Kikubaaqudgha
Nemelex Xobeh
Okawaru
Qazlal
Ru
Sif Muna
Trog
Uskayaw
Vehumet
Wu Jian
Yredelemnul
Zin
The Shining One

Shops:
D *

Annotations:
D Sonja


Innate Abilities, Weirdness & Mutations

((Your plain brown scales are hard. (AC +6)))
You cannot fit into any form of body armour.
((You are cold-blooded and may be slowed by cold attacks.))


Message History

Sonja is moderately wounded.
Sonja completely misses you. Sonja misses you. Sonja closely misses you.
Unknown command.
You bite Sonja!
Sonja looks as sick as possible!
Sonja is severely wounded.
Sonja gestures wildly while chanting.
Sonja looks slightly unstable.
Unknown command.
You barely miss Sonja.
Sonja is severely wounded.
Sonja hits you with an uncursed short sword of distortion.
Space warps horribly around you!
* * * LOW HITPOINT WARNING * * *
Sonja completely misses you. x2
Sonja casts a spell.
Sonja blinks!
You feel much better. Sonja closely misses you.
Sonja hits you with an uncursed short sword of distortion.
Space warps horribly around you!
You die...

#..#####+#####+#
#..####..#...#.#
#..#__####..##.#
#..#_____##+#_.+
#⌠⌠#_.∩...+.(._#
####_..__##_.#+#
#_____###'#.#
#########§###


+$s$+ #K.$# ##(## #+# You could see Sonja.

Vanquished Creatures
  Sigmund (D)
  A yak (D)
  A jelly (D)
  Ijyb (D)
4 creatures vanquished.

Vanquished Creatures (collateral kills)
  An ogre (D)
1 creature vanquished.

Grand Total: 5 creatures vanquished

Notes
Turn   | Place    | Note
-------+----------+-------------------------------------------
     0 | D        | Kidiri the Draconian Transmuter began the quest for the Orb.
     0 | D        | Reached XP level 1. HP: 16/16 MP: 3/3
     3 | D        | Noticed Ijyb
    17 | D        | Killed Ijyb
    17 | D        | Reached skill level 1 in Stealth
    17 | D        | Reached skill level 4 in Unarmed Combat
    17 | D        | Reached XP level 2. HP: 12/26 MP: 2/5
   168 | D        | Learned a level 2 spell: Sticks to Snakes
   222 | D        | Noticed an ogre
   232 | D        | Killed an ogre
   232 | D        | Reached skill level 5 in Unarmed Combat
   232 | D        | Reached XP level 3. HP: 34/34 MP: 1/7
   232 | D        | Reached XP level 4. HP: 41/41 MP: 1/8
   300 | D        | Learned a level 3 spell: Spider Form
   404 | D        | Noticed Sigmund
   412 | D        | Killed Sigmund
   412 | D        | Reached skill level 6 in Unarmed Combat
   412 | D        | Reached skill level 5 in Transmutations
   412 | D        | Reached XP level 5. HP: 41/50 MP: 6/11
   430 | D        | Learned a level 4 spell: Ice Form
   464 | D        | Found an ornate altar of the Wu Jian Council.
   464 | D        | Found a deep blue altar of Sif Muna.
   466 | D        | Found a radiant altar of Vehumet.
   470 | D        | Became a worshipper of the Wu Jian Council
   476 | D        | Reached XP level 6. HP: 39/57 MP: 9/12
   514 | D        | Found Ykoec's General Store.
   514 | D        | Found an ancient bone altar of Kikubaaqudgha.
   514 | D        | Found a hazy altar of Hepliaklqana.
   514 | D        | Found a stormy altar of Qazlal.
   514 | D        | Found a hide-covered altar of Uskayaw.
   514 | D        | Found a blossoming altar of Fedhas.
   514 | D        | Found a bloodstained altar of Trog.
   514 | D        | Found an iron altar of Okawaru.
   514 | D        | Found a basalt altar of Yredelemnul.
   514 | D        | Found a glowing golden altar of the Shining One.
   514 | D        | Found a snail-covered altar of Cheibriados.
   514 | D        | Found a sacrificial altar of Ru.
   514 | D        | Found a glowing silver altar of Zin.
   514 | D        | Found a shadowy altar of Dithmenos.
   514 | D        | Found a white marble altar of Elyvilon.
   514 | D        | Noticed a yak
   515 | D        | Found an opulent altar of Gozag.
   526 | D        | Killed a yak
   526 | D        | Reached skill level 7 in Unarmed Combat
   526 | D        | Reached skill level 1 in Ice Magic
   527 | D        | Found a sparkling altar of Nemelex Xobeh.
   537 | D        | Bought a scroll of identify for 22 gold pieces
   537 | D        | Bought a scroll of blinking for 82 gold pieces
   538 | D        | Bought a potion of berserk rage for 55 gold pieces
   538 | D        | Bought a scroll of amnesia for 38 gold pieces
   702 | D        | Noticed Sonja
   712 | D        | HP: 1/58 [Sonja/uncursed short sword of distortion (21)]
   713 | D        | Slain by Sonja

Vault maps used:
D:        dungeon_sprint_1

Skill      XL: |  1  2  3  4  5  6 |
---------------+-------------------+-----
Fighting       | 3 4 6 |  6.9
Dodging        | 2 3 4 |  4.5
Stealth        | 1 2 3 4 |  4.2
Unarmed Combat | 4 5 6 7 |  7.0
Transmutations | 3 4 5 6 |  6.6
Spellcasting   | 3 4 |  4.5
Poison Magic   | 2 3 |  3.1
Ice Magic      | 1 |  1.8

Action                   |  1- 3 |  4- 6 || total
-------------------------+-------+-------++-------
Melee: Unarmed           |    17 |    23 ||    40
       Kick              |     4 |       ||     4
       Tailslap          |     1 |     2 ||     3
 Cast: Beastly Appendage |     2 |     1 ||     3
       Sticks to Snakes  |     2 |     1 ||     3
       Spider Form       |       |     3 ||     3
  Use: Potion            |     1 |     1 ||     2
       Scroll            |       |     1 ||     1
 Stab: Sleeping          |       |     2 ||     2
Armor: Skin              |       |     1 ||     1
Dodge: Dodged            |     6 |    28 ||    34

Table legend:
 A = Spawn XP
 B = Non-spawn XP
 C = Spawn XP percentage of total XP
 D = Spawn monster count
 E = Non-spawn monster count
 F = Spawn count percentage of total count
 G = Total turns spent on level
                    A         B        C        D         E        F      G
               +---------+---------+-------+---------+---------+-------+---------
         Total |       0 |     565 |   0.0 |       0 |       5 |   0.0 |   713
               +---------+---------+-------+---------+---------+-------+---------
             D |       0 |     565 |   0.0 |       0 |       5 |   0.0 |   713
               +---------+---------+-------+---------+---------+-------+---------
